 Seeded DCSS version 0.29.1-13-g9f3cf754e1 (webtiles) character file.

Game seed: 16245865983455551772 (custom seed)

112 OTABOTABOTAB the Conjurer (level 4, 0/27 HPs)
             Began as an Octopode Conjurer on Jan 30, 2023.
             Slain by an orc wizard
             ... wielding a +0 dagger
              (1 damage)
             ... on level 3 of the Dungeon.
             The game lasted 00:03:34 (2431 turns).

OTABOTABOTAB the Conjurer (Octopode Conjurer)       Turns: 2431, Time: 00:03:34

Health: 0/27       AC:  1    Str:  6    XL:     4   Next: 95%
Magic:  1/9        EV: 13    Int: 42    God:
Gold:   1344       SH:  0    Dex: 10    Spells: 2/9 levels left

rFire   . . .      SeeInvis .   c - staff of conjuration
rCold   . . .      Faith    .   (no shield)
rNeg    . . .      Spirit   .   (helmet restricted)
rPois   +          Reflect  .   (no amulet)
rElec   .          Harm     .   d - ring of Symmetry {rPois Int+8 Stlth-}
rCorr   .          Rampage  .   I - +6 ring of intelligence
Will    .....                   g - +6 ring of intelligence
Stlth   ++........              (no ring)
HPRegen 0.09/turn               (no ring)
MPRegen 0.11/turn               (no ring)
                                (no ring)
                                (no ring)

@: no status effects
A: almost no armour, amphibious, 8 rings, camouflage 1, gelatinous body 1,
(nimble swimmer 1), tentacles
a: no special abilities


You were on level 3 of the Dungeon.
You visited 1 branch of the dungeon, and saw 3 of its levels.

You collected 1344 gold pieces.

Inventory:

Missiles
 e - 2 poisoned darts
 s - 22 stones
Magical Staves
 c - a staff of conjuration (weapon)
   (You acquired it on level 1 of the Dungeon)
Jewellery
 d - the ring of Symmetry (left tentacle) {rPois Int+8 Stlth-}
   (You acquired it on level 1 of the Dungeon)

   [ring of poison resistance]

   Int:       It affects your intelligence (+8).
   rPois:     It protects you from poison.
   Stlth:     It makes you less stealthy.
 g - a +6 ring of intelligence (on tentacle)
   (You found it on level 1 of the Dungeon)
 I - a +6 ring of intelligence (right tentacle)
   (You found it on level 1 of the Dungeon)
Wands
 l - a wand of roots (4)
   (You found it on level 3 of the Dungeon)
Scrolls
 f - 2 scrolls of teleportation {unknown}
 i - a scroll of summoning {unknown}
 j - 2 scrolls of identify {unknown}
 k - a scroll of enchant weapon {unknown}
 m - a scroll of noise {unknown}
Potions
 a - a potion of might {unknown}
 b - 2 potions of flight {unknown}
 h - a potion of lignification {unknown}
 M - a potion of magic


   Skills:
 - Level 2.1 Dodging
 - Level 2.9 Stealth
 * Level 3.4 Spellcasting
 + Level 4.9 Conjurations
 + Level 0.8 Hexes


You had 2 spell levels left.
You knew the following spells:

 Your Spells              Type           Power      Damage    Failure   Level
a - Magic Dart            Conj           100%       1d8       1%          1
b - Searing Ray           Conj           100%       2d8       1%          2
c - Fulminant Prism       Conj/Hex       23%        3d13      9%          4

Your spell library contained the following spells:

 Spells                   Type           Power      Damage    Failure   Level
 Sting                    Tmut/Pois      28%        1d4       3%          1
 Poisonous Vapours        Pois/Air       14%        N/A       4%          2
 Dazzling Flash           Conj/Hex       94%        N/A       2%          3
 Iskenderun's Mystic Bla  Conj/Tloc      41%        2d9       11%         4
 Olgreb's Toxic Radiance  Pois           7%         N/A       30%         4
 Chain Lightning          Conj/Air       20%        3d27      100%        9
 Fire Storm               Conj/Fire      20%        8d5       100%        9
 Shatter                  Erth           3%         3d7*      100%        9


Dungeon Overview and Level Annotations

Branches:
Dungeon (3/15)

Altars:

Shops:
D:3 [


Innate Abilities, Weirdness & Mutations

You cannot wear most types of armour.
You are amphibious.
You can wear up to eight rings at the same time.
Your skin changes colour to match your surroundings (Stealth+).
Your rubbery body absorbs attacks. (AC +1, EV +1)
((You are camouflaged when in or above water. (Stealth+)))
You have tentacles for arms and can constrict up to eight enemies at once.


Message History

The orc priest shouts!
You hear a shout!
You hear an angry hiss.
The orc priest calls down the wrath of Beogh upon you.
Beogh smites you!
You hear a shout!
You take 10 damage, and have 17/27 hp.
MASSIVE DAMAGE!!
You now have 5/8 mp.
Okay, then.
You feel a surge of power!
You conjure a prism of explosive energy!
A fulminant prism comes into view.
You now have 2/8 mp.
Something completely misses your fulminant prism.
Your fulminant prism crackles loudly.
You hear an explosion!
You feel a bit more experienced.
You hear a shout! x2
A hobgoblin comes into view.
A hobgoblin is nearby!
You feel a surge of power!
The magic dart hits the hobgoblin.
You now have 1/9 mp.
No target in view!
No target in view!
No target in view!
A hobgoblin is nearby!
You feel a surge of power!
The magic dart hits the hobgoblin but does no damage.
You now have 0/9 mp.
A ball python comes into view. x2
An orc comes into view. It is wielding a +0 dagger.
The ball python moves out of view.
The ball python hisses angrily. x2
The hobgoblin misses you.
There are monsters nearby!
Unknown command.
Aim: a hobgoblin (heavily wounded, 100% to hit)
You feel a surge of power!
The magic dart hits the hobgoblin.
You kill the hobgoblin!
You now have 0/9 mp.
An orc comes into view. It is wielding a +0 dagger.
Aim: an orc, wielding a +0 dagger (100% to hit)
You feel a surge of power!
The magic dart hits the orc!
You kill the orc!
You now have 0/9 mp.
A ball python is nearby!
You closely miss the ball python. Your grab misses the ball python.
The ball python misses you. The ball python grabs you.
The ball python constricts you.
You take 1 damage, and have 18/27 hp.
You hit the ball python. You grab the ball python.
You constrict the ball python.
You kill the ball python!
An orc wizard comes into view. It is wielding a +0 dagger.
You see here a ball python corpse.
You see here a +0 dagger.
You barely miss the orc.
The orc wizard shouts!
You grab the orc.
You constrict the orc, but do no damage.
You hear a shout! x2
The orc closely misses you.
You hit the orc. You constrict the orc. The orc closely misses you.
An orc comes into view. It is wielding a +0 dagger.
Aim: an orc, wielding a +0 dagger and wearing a +0 leather armour (heavily wounded, constricted by you, 100% to hit)
You feel a surge of power!
The magic dart hits the orc.
You constrict the orc, but do no damage.
The orc hits you with a +0 dagger.
You take 1 damage, and have 18/27 hp.
You now have 0/9 mp.
You hit the orc but do no damage.
You blast the orc.
You kill the orc!
The orc wizard gestures at you while chanting.
The magic dart hits you.
You take 6 damage, and have 12/27 hp.
MASSIVE DAMAGE!!
You hit the orc wizard. Your grab misses the orc wizard.
The orc wizard hits you with a +0 dagger.
The orc barely misses you.
You take 3 damage, and have 9/27 hp.
You closely miss the orc wizard. Your grab misses the orc wizard.
Your squeeze misses the orc wizard.
The orc wizard hits you with a +0 dagger.
* * * LOW HITPOINT WARNING * * *
The orc closely misses you.
You take 5 damage, and have 4/27 hp.
You hit the orc wizard but do no damage.
Your grab misses the orc wizard. The orc wizard closely misses you.
The orc closely misses you.
You miss the orc wizard. Your grab misses the orc wizard.
The orc wizard misses you. The orc closely misses you.
You hit the orc wizard but do no damage.
Your grab misses the orc wizard. Your squeeze misses the orc wizard.
The orc wizard hits you with a +0 dagger.
* * * LOW HITPOINT WARNING * * *
The orc hits you with a +0 dagger.
* * * LOW HITPOINT WARNING * * *
The orc hits you with a +0 dagger.
* * * LOW HITPOINT WARNING * * *
The orc wizard hits you with a +0 dagger.
You die...

.. #####.##### .#
.........# #.# #
#.#...#.## #.# .S
#..#.#...# #.# #.)#
#...∩....# #.# .).).
#..#.#.S.# #.#
#.....###.#...#oo#######.#
..........?.....@†......>#
#.#######.#.############.#
........#..............#
######################.#
#.# #.# ####'#####
#........# #........#


You could see an orc wizard, an orc and a ball python.

Vanquished Creatures
  An orc priest (D:3)
  Jessica (D:2)
  An adder (D:2)
  4 orcs (D:3)
  3 ball pythons
  3 bats
  5 endoplasms
  2 goblins (D:1)
  6 hobgoblins
  4 kobolds
  3 quokkas (D:1)
  3 frilled lizards
  5 rats
41 creatures vanquished.

Vanquished Creatures (others)
  A fulminant prism (D:3)
1 creature vanquished.

Grand Total: 42 creatures vanquished

Notes
Turn   | Place    | Note
-------+----------+-------------------------------------------
     0 | D:1      | OTABOTABOTAB the Octopode Conjurer began the quest for the
                  | Orb.
     0 | D:1      | Reached XP level 1. HP: 11/11 MP: 3/3
    90 | D:1      | Identified 3 scrolls of acquirement
    90 | D:1      | Acquired the ring of Symmetry {rPois Int+8 Stlth-}
    91 | D:1      | Acquired a staff of conjuration
    92 | D:1      | Acquired 1222 gold pieces
   182 | D:1      | Found a faded altar of an unknown god.
   203 | D:1      | Reached XP level 2. HP: 17/17 MP: 1/5
  1105 | D:1      | Reached XP level 3. HP: 21/21 MP: 4/6
  1694 | D:2      | Noticed Jessica
  1696 | D:2      | Killed Jessica
  1697 | D:2      | Reached skill level 3 in Spellcasting
  1697 | D:2      | Reached XP level 4. HP: 27/27 MP: 5/8
  1732 | D:2      | Learned a level 2 spell: Searing Ray
  1737 | D:2      | Learned a level 4 spell: Fulminant Prism
  2349 | D:3      | Found Ymmy Ciutu's Antique Armour Shoppe.
  2428 | D:3      | HP: 4/27 [orc wizard/+0 dagger (5)]
  2431 | D:3      | HP: 1/27 [orc/+0 dagger (2)]
  2431 | D:3      | Slain by an orc wizard

Illustrated notes

Levels and vault maps discovered:
D:1:      minmay_arrival_hallway, layout_loops_corners, basic_ecumenical_altar,
          minmay_unequal
D:2:      layout_loops_ring, uniq_jessica
D:3:      layout_basic, serial_shops, nicolae_shop_advertising_works
          [nicolae_subvault_shop_adworks], minmay_shallow_snake_nest,
          uniq_natasha

Skill      XL: |  1  2  3 |
---------------+----------+-----
Spellcasting   | 3 |  3.4
Dodging        | |  2.1
Stealth        | |  2.9
Conjurations   | |  4.9
Hexes          | |  0.8

Action                   |  1- 3 |  4- 6 || total
-------------------------+-------+-------++-------
Melee: Dagger            |     1 |       ||     1
       Tentacles         |     1 |       ||     1
       Staff             |     7 |    10 ||    17
       Constrict         |     4 |     2 ||     6
 Cast: Magic Dart        |    35 |    22 ||    57
       Fulminant Prism   |       |     1 ||     1
  Use: Scroll            |     3 |       ||     3
Dodge: Dodged            |     4 |    10 ||    14

Table legend: (Time is in decaauts)
 A = Elapsed time spent in this place.
 B = Non-inter-level travel time spent in this place.
 C = Inter-level travel time spent in this place.
 D = Time resting spent in this place.
 E = Time spent auto-exploring this place.
 F = Levels seen in this place.
 G = Mean time per level.
                   A        B        C        D        E       F      G
               +--------+--------+--------+--------+--------+-----+--------+
         Total |   2431 |   2327 |    104 |      0 |   2141 |   3 |  810.3 |
       Dungeon |   2431 |   2327 |    104 |      0 |   2141 |   3 |  810.3 |
               +--------+--------+--------+--------+--------+-----+--------+

Top non-repeatable levels by time:
     D:1: 1291 daAuts
     D:2: 778 daAuts
     D:3: 361 daAuts

Table legend:
 A = Kills in this place as a percentage of kills in entire the game.
 B = Kills by you in this place as a percentage of kills by you in the entire game.
 C = Kills by friends in this place as a percentage of kills by friends in the entire game.
 D = Other kills in this place as a percentage of other kills in the entire game.
 E = Experience gained in this place as a percentage of experience gained in the entire game.
 F = Experience gained in this place divided by the number of levels of this place that you have seen.
                   A       B       C       D       E      F
               +-------+-------+-------+-------+-------+----------------------
         Total | 100.0 | 100.0 |   N/A |   N/A | 100.0 |  53.7
       Dungeon | 100.0 | 100.0 |   N/A |   N/A | 100.0 |  53.7
               +-------+-------+-------+-------+-------+----------------------
